 Dungeon Crawl Stone Soup version 0.30-a0-778-g2ef04afb54 (webtiles) character file.

Game seed: 10011383729255334003

5429 mistaj the Fighter (level 10, 0/57 HPs)
             Began as a Vine Stalker Fighter on Feb 15, 2023.
             Was an Initiate of Gozag.
             Succumbed to a gnoll sergeant's poison
             ... on level 8 of the Dungeon.
             The game lasted 00:16:56 (6931 turns).

mistaj the Fighter (Vine Stalker Fighter)           Turns: 6931, Time: 00:16:56

Health: 0/57       AC: 12    Str: 25    XL:     10   Next: 67%
Magic:  4/11       EV: 10    Int:  8    God:    Gozag
Gold:   599        SH: 11    Dex: 14    Spells: 9/9 levels left

rFire   + . .      SeeInvis .    w - +2 short sword (vamp)
rCold   + . .      Faith    .    c - +0 buckler
rNeg    . . .      Spirit   +    x - +2 ring mail {Will+}
rPois   .          Reflect  +    e - +0 helmet
rElec   .          Harm     .    (no cloak)
rCorr   +          Rampage  .    v - +2 pair of gloves
Will    ++...                    u - +0 pair of boots
Stlth   +                        l - amulet of Vaoghut {Reflect *Corrode rC+ Str+2 SH+5}
HPRegen 1.09/turn                b - ring of resist corrosion
MPRegen 0.12/turn                C - ring of protection from fire

@: lethally poisoned (0 -> -8), gold aura
A: fangs 3, regeneration 1, magic shield, antimagic bite, no potion heal 2
a: Renounce Religion, Potion Petition, Call Merchant, Bribe Branch


You were on level 8 of the Dungeon.
You worshipped Gozag.
Gozag was pleased with you.
You visited 2 branches of the dungeon, and saw 10 of its levels.

You collected 1234 gold pieces.
You spent 576 gold pieces at shops.
You paid 59 gold pieces to Gozag.

Inventory:

Hand Weapons
 w - a +2 vampiric short sword (weapon)
 D - a +1 flail of protection
Missiles
 h - 2 throwing nets (quivered)
Armour
 c - a +0 buckler (worn)
 e - a +0 helmet (worn)
 u - a +0 pair of boots (worn)
 v - a +2 pair of gloves (worn)
 x - a +2 ring mail of willpower (worn)
Jewellery
 b - a ring of resist corrosion (left hand)
 l - the amulet of Vaoghut (around neck) {Reflect *Corrode rC+ Str+2 SH+5}
   (You bought it in a shop on level 3 of the Dungeon)

   [amulet of reflection]

   It reflects blocked missile attacks.
   Str:       It affects your strength (+2).
   rC:        It protects you from cold.
   *Corrode:  It may corrode you when you take damage.
   SH:        It affects your SH (+5).
 C - a ring of protection from fire (right hand)
Wands
 g - a wand of digging (16)
Scrolls
 f - 4 scrolls of fog
 i - a scroll of magic mapping
 k - 2 scrolls of blinking
 p - a scroll of poison
 r - a scroll of identify
 s - 3 scrolls of fear
 y - 2 scrolls of teleportation
 A - 2 scrolls of silence
 E - a scroll of vulnerability
 G - a scroll of amnesia
Potions
 d - 2 potions of might
 j - 2 potions of attraction
 m - 3 potions of resistance
 n - 3 potions of haste
 o - a potion of brilliance {unknown}
 q - a potion of berserk rage {unknown}
 t - 2 potions of lignification {unknown}
 z - 5 potions of mutation
 B - a potion of curing
 F - a potion of magic {unknown}


   Skills:
 + Level 8.7 Fighting
 * Level 0.2 Short Blades
 - Level 5.2(6.7) Axes
 - Level 6.4(7.3) Maces & Flails
 - Level 2.4 Armour
 - Level 8.7 Shields


You had 9 spell levels left.
You didn't know any spells.
Your spell library contained the following spells:

 Spells                   Type           Power      Damage    Failure   Level
 Kiss of Death            Conj/Necr      0%         2d5       63%         1
 Magic Dart               Conj           0%         1d3       63%         1
 Ensorcelled Hibernation  Hex/Ice        0%         N/A       77%         2
 Lesser Beckoning         Tloc           0%         N/A       77%         2
 Searing Ray              Conj           0%         2d4       77%         2
 Confusing Touch          Hex            0%         N/A       94%         3
 Gell's Gravitas          Tloc           0%         N/A       94%         3
 Inner Flame              Hex/Fire       0%         N/A       94%         3
 Spider Form              Tmut/Pois      0%         N/A       94%         3
 Teleport Other           Tloc           0%         N/A       94%         3
 Anguish                  Hex/Necr       0%         N/A       100%        4
 Dispel Undead            Necr           0%         3d6       100%        4
 Flame Wave               Conj/Fire      0%         2d4       100%        4
 Fulminant Prism          Conj/Hex       0%         3d5       100%        4
 Sticky Flame             Conj/Fire      0%         2d3       100%        4


Dungeon Overview and Level Annotations

Branches:
Dungeon (9/15)             Temple (1/1) D:4
   Lair: D:8-11         Orc: D:9-12

Altars:
Cheibriados
Gozag
Nemelex Xobeh
Qazlal
Ru
Sif Muna
Trog
Vehumet
Zin
The Shining One

Shops:
D:1 [   D:3 (===!

Annotations:
D:8 2 transporters, bjtr's ghost, novice GrEE


Innate Abilities, Weirdness & Mutations

You have razor-sharp teeth.
Your natural rate of healing is unusually fast.
When hurt, damage is shared between your health and your magic reserves.
Your bite disrupts and absorbs the magic of your enemies.
Potions cannot restore your health.


Message History

You feel very sick.
The gnoll sergeant hits you but does no damage.
You are more poisoned.
You hit the gnoll sergeant but do no damage.
You feel very sick. The gnoll sergeant barely misses you.
You hit the gnoll sergeant.
You feel better.
The gnoll sergeant is lightly wounded.
You feel very sick. You block the gnoll sergeant's attack.
You hit the gnoll sergeant.
The gnoll sergeant is lightly wounded.
You feel very sick. You block the gnoll sergeant's attack.
You hit the gnoll sergeant but do no damage.
Your bite misses the gnoll sergeant.
The gnoll sergeant is lightly wounded.
You feel sick. The gnoll sergeant closely misses you.
You hit the gnoll sergeant.
You bite the gnoll sergeant, but do no damage.
The gnoll sergeant is moderately wounded.
You feel sick. The gnoll sergeant misses you.
You hit the gnoll sergeant. You bite the gnoll sergeant. You drain its power.
You feel invigorated.
The gnoll sergeant is heavily wounded.
You feel sick.
The gnoll sergeant hits you but does no damage.
You are more poisoned.
You closely miss the gnoll sergeant.
You bite the gnoll sergeant, but do no damage.
The gnoll sergeant is heavily wounded.
You feel sick.
The gnoll sergeant hits you with a +1 spear of venom!
* * * LOW HITPOINT WARNING * * *
You are lethally poisoned!
You hit the gnoll sergeant. You bite the gnoll sergeant! You drain its power.
You feel invigorated.
The gnoll sergeant is almost dead.
You die...
Your body crumbles into a pile of gold.

#.#####.....####.###
####.#####.....#......#
#.......##.....#.##.#.#
#.##.##.##.....#.##.#.##
#.#..##.##.....#.##....#
#.#.###.########.####..#
#.#.###.# #.####..#
#......g########.......#
###....$@(.......#####.#
#..#####.#####.# #.#
#..#...#.#####.#####.#
#..#.#...............#
#......#.#####.#######
##.......#####.#
#######.......#
#########


You could see a gnoll sergeant.

Vanquished Creatures
  Joseph (D:8)
  10 yaks (D:8)
  Menkaure (D:4)
  Edmund (D:5)
  5 water moccasins
  An orc warrior (D:5)
  3 sky beasts
  2 ice beasts (D:6)
  An ogre (D:4)
  3 centaurs
  A kobold brigand (D:7)
  A gnoll sergeant (D:7)
  2 bullfrogs
  2 necrophages
  4 scorpions
  4 wights (D:8)
  3 howler monkeys (D:7)
  A gnoll bouda (D:6)
  5 hounds
  3 jellies
  4 orc priests
  Natasha (thrice) (D:3)
  4 iguanas
  6 orc wizards
  15 gnolls
  8 adders
  2 shadow imps
  A white imp (D:8)
  An ufetubus (D:6)
  3 worms
  3 dart slugs
  37 orcs
  12 ball pythons
  7 bats
  7 endoplasms
  6 giant cockroaches
  6 goblins
  6 hobgoblins
  4 jackals (D:1)
  3 quokkas
  2 frilled lizards
  9 kobolds
  8 rats
211 creatures vanquished.

Notes
Turn   | Place    | Note
-------+----------+-------------------------------------------
     0 | D:1      | mistaj the Vine Stalker Fighter began the quest for the
                  | Orb.
     0 | D:1      | Reached XP level 1. HP: 11/11 MP: 2/2
    66 | D:1      | Reached XP level 2. HP: 11/16 MP: 3/3
   303 | D:1      | Reached XP level 3. HP: 20/20 MP: 2/4
   547 | D:1      | Found Reuniunt's Antique Armour Boutique.
   717 | D:2      | Found a faded altar of an unknown god.
  1003 | D:2      | Gained mutation: Your natural rate of healing is unusually
                  | fast. [Vine Stalker growth]
  1003 | D:2      | Reached XP level 4. HP: 24/24 MP: 5/5
  1549 | D:1      | Bought a pair of runed gloves for 150 gold pieces
  1643 | D:3      | Noticed Natasha
  1647 | D:3      | Killed Natasha
  1648 | D:3      | Reached XP level 5. HP: 27/28 MP: 6/6
  1679 | D:3      | Found Zuanolaext's Distillery.
  1815 | D:3      | Found Jopsus's Jewellery Boutique.
  1819 | D:3      | Found Keuw's Jewellery Shoppe.
  1989 | D:3      | Noticed Natasha
  1994 | D:3      | Killed Natasha
  2038 | D:3      | Noticed an ogre
  2108 | D:3      | Noticed Natasha
  2112 | D:3      | Killed Natasha
  2132 | D:3      | Found Nogorahe's Weapon Shop.
  2217 | D:3      | Reached XP level 6. HP: 33/33 MP: 7/7
  2220 | D:3      | Found Ukkuklade's Jewellery Emporium.
  2481 | D:4      | Noticed Menkaure
  2488 | D:4      | Killed Menkaure
  2489 | D:4      | Reached XP level 7. HP: 18/38 MP: 3/8
  2660 | D:4      | Found a sparkling altar of Nemelex Xobeh.
  2770 | D:4      | Found a staircase to the Ecumenical Temple.
  2775 | Temple   | Entered the Ecumenical Temple
  2794 | Temple   | Became a worshipper of Gozag Ym Sagoz the Greedy
  2851 | D:4      | Found a stormy altar of Qazlal.
  2992 | D:5      | Entered Level 5 of the Dungeon
  3036 | D:5      | Noticed Edmund
  3073 | D:5      | Reached skill level 5 in Fighting
  3073 | D:5      | Reached skill level 5 in Shields
  3116 | D:5      | Gained mutation: You have razor-sharp teeth. [Vine Stalker
                  | growth]
  3116 | D:5      | Reached XP level 8. HP: 17/44 MP: 3/9
  3175 | D:5      | Killed Edmund
  3176 | D:5      | Reached skill level 5 in Axes
  3310 | D:5      | Reached skill level 1 in Maces & Flails
  3880 | D:6      | Reached XP level 9. HP: 49/49 MP: 10/10
  3936 | D:6      | Found a glowing silver altar of Zin.
  5070 | D:3      | Bought the amulet of Vaoghut {Reflect *Corrode rC+ Str+2
                  | SH+5} for 426 gold pieces
  5525 | D:8      | Noticed bjtr's ghost (novice GrEE)
  5528 | D:8      | Found a transporter.
  5571 | D:8      | Found a transporter.
  5573 | D:8      | Noticed a moth of wrath
  5646 | D:8      | Noticed Joseph
  5664 | D:8      | Killed Joseph
  5665 | D:8      | Reached skill level 5 in Maces & Flails
  5665 | D:8      | Reached XP level 10. HP: 19/56 MP: 6/11
  6931 | D:8      | Succumbed to a gnoll sergeant's poison

Illustrated notes

Levels and vault maps discovered:
D:1:      dpeg_arrival_windows_large_door, layout_loops_ring, serial_shops,
          nicolae_shop_hallway_stairs, minmay_octomino_c4
D:2:      layout_basic, ebering_ecumenical_altar_ruins
D:3:      layout_loops_ring, serial_shops, shop, shop,
          nicolae_shop_bloodbath_and_beyond, nicolae_shop_crystal,
          nicolae_shop_behind_doors, uniq_natasha
D:4:      cheibrodos_helix_gallery, layout_basic,
          mainiacjoe_overflow_cross_hatched, nicolae_qazlal_eye_of_the_storm,
          minmay_temple_entry_nine_rooms, serial_glass, glass_columns_a,
          glass_columns_a, minmay_fountain_box, uniq_menkaure
D:5:      layout_cave_pools, minmay_increasing_density, uniq_edmund
D:6:      layout_rooms, zin_academy, serial_curves, eino_curves_02,
          eino_curves_04, eino_curves_04, eino_curves_03, nrook_mini_backslash
D:7:      layout_loops_ring, serial_park_tiny_2, grunt_decor_cap
D:8:      layout_loops_cross, gammafunk_ghost_berserking_beasts, uniq_joseph
D:9:      layout_long_grid, david_orc_5
Temple:   regret_index_temple_mists

Skill      XL: |  1  2  3  4  5  6  7  8  9 10 |
---------------+-------------------------------+-----
Axes           | 2 3 4 5 |  5.2
Fighting       | 3 4 5 6 7 8 |  8.7
Shields        | 3 4 5 6 7 8 |  8.7
Maces & Flails | 2 5 6 |  6.4
Short Blades   | |  0.2
Armour         | |  2.4

Action                     |  1- 3 |  4- 6 |  7- 9 | 10-12 || total
---------------------------+-------+-------+-------+-------++-------
  Melee: War axe           |    95 |   112 |    72 |       ||   279
         Bite              |    18 |    28 |    80 |    66 ||   192
         Flail             |       |       |   212 |   157 ||   369
         Short sword       |       |       |       |    17 ||    17
    Use: Scroll            |       |       |    17 |     1 ||    18
   Stab: Distracted        |       |       |     1 |       ||     1
 Armour: Scale mail        |    70 |    12 |       |       ||    82
         Ring mail         |       |    41 |   142 |    75 ||   258
  Dodge: Dodged            |    49 |    41 |   161 |    82 ||   333
  Block: Buckler           |    36 |    23 |    88 |   112 ||   259
         Reflection        |       |       |       |     7 ||     7

Table legend: (Time is in decaauts)
 A = Elapsed time spent in this place.
 B = Non-inter-level travel time spent in this place.
 C = Inter-level travel time spent in this place.
 D = Time resting spent in this place.
 E = Time spent auto-exploring this place.
 F = Levels seen in this place.
 G = Mean time per level.
                   A        B        C        D        E       F      G
               +--------+--------+--------+--------+--------+-----+--------+
         Total |   7119 |   6656 |    463 |    658 |   3882 |  10 |  711.9 |
       Dungeon |   7081 |   6628 |    453 |    658 |   3870 |   9 |  786.8 |
        Temple |     37 |     27 |     10 |      0 |     12 |   1 |   37.0 |
               +--------+--------+--------+--------+--------+-----+--------+

Top non-repeatable levels by time:
     D:8: 1484 daAuts
     D:5: 874 daAuts
     D:2: 849 daAuts
     D:4: 805 daAuts
     D:6: 793 daAuts
     D:3: 762 daAuts
     D:1: 741 daAuts
     D:7: 729 daAuts
     D:9: 41 daAuts
  Temple: 37 daAuts
